 Dungeon Sprint DCSS version 0.31-a0-7-g51783674b7 (webtiles) character file.

Game seed: 8431238345895471745

8 sircluck the Ruffian (level 2, -3/31 HPs)
             Began as a Troll Berserker on May 5, 2023.
             Was a Believer of Trog.
             Slain by an ice beast (6 damage)
             ... in the Dungeon (Sprint IX: "|||||||||||||||||||||||||||||").
             The game lasted 00:00:04 (21 turns).

sircluck the Ruffian (Troll Berserker)                Turns: 21, Time: 00:00:05

Health: -3/31      AC:  4    Str: 24    XL:     2   Next: 0%
Magic:  1/1        EV: 10    Int:  3    God:    Trog [**....]
Gold:   0          SH:  0    Dex:  9    Spells: 1/1 levels left

rFire   . .          .
                       - Unarmed
rCold   . . .        (no shield)
rNeg    . . .        a - +0 animal skin
rPois   .            (helmet restricted)
rElec   .            (no cloak)
rCorr   .            (gloves unavailable)
SInv    .            (boots unavailable)
Will    .....        (no amulet)
Stlth   +            (no ring)
HPRegen 1.05/turn    (no ring)
MPRegen 0.07/turn

%: no teleportation
@: no status effects
A: large, unfitting armour, claws 3, regeneration 1, shaggy fur 1, tough skin 1
a: Renounce Religion, Berserk, Trog's Hand


You were in the Dungeon.
You worshipped Trog.
Trog was pleased with you.
You visited 1 branch

Inventory:

Armour
 a - a +0 animal skin (worn)
Scrolls
 g - a scroll of blinking
Potions
 b - a potion of curing
 c - a potion of heal wounds
 d - a potion of haste
 e - 2 potions of magic
 f - a potion of berserk rage


   Skills:
 + Level 3.1 Fighting
 + Level 3.0 Dodging
 + Level 3.8 Unarmed Combat


You had one spell level left.
You didn't know any spells.
Your spell library was empty.

Dungeon Overview and Level Annotations

Branches:
Dungeon (1/1)

Altars:


Innate Abilities, Weirdness & Mutations

You are too large for most types of armour.
You have claws for hands.
Your natural rate of healing is unusually fast.
You are covered in fur. (AC +1)
You have tough skin. (AC +1)


Message History

You see here a +0 dagger.
You claw the endoplasm!
You kill the endoplasm!
Trog accepts your kill.
The dart slug briefly extends its eye-stalks.
You scratch the dart slug.
The dart slug is lightly wounded.
You claw the dart slug!
You kill the dart slug!
Trog accepts your kill.
You can now call upon Trog for regeneration and willpower.
The endoplasm barely misses you.
You see here a dart slug corpse.
You claw the endoplasm!
You kill the endoplasm!
Trog accepts your kill.
The ball python bites you but does no damage.
Your Fighting skill increases to level 3!
Your Dodging skill increases to level 3!
You scratch the ball python.
You kill the ball python!
Trog accepts your kill.
You have reached level 2!
You open the door.
A jelly, a hound, an ogre and 2 ice beasts come into view.
The jelly quivers.
The ogre shouts!
You closely miss the ice beast.
The hound barks!
The ice beast barely misses you.
You scratch the ice beast but do no damage.
The ice beast hits you. The ice beast freezes you!
You barely miss the ice beast. The ice beast barely misses you.
You barely miss the ice beast. The ice beast hits you.
The ice beast freezes you!
* * * LOW HITPOINT WARNING * * *
You barely miss the ice beast. The ice beast hits you.
* * * LOW HITPOINT WARNING * * *
The ice beast freezes you.
You die...

▓+▓
▓.▓
▓Y▓
▓J▓
▓h▓
▓O▓
▓Y▓
▓@▓
▓.▓
▓.▓
▓.▓
▓†▓
▓)▓
▓.▓
▓.▓
▓.▓


You could see 2 ice beasts, an ogre, a hound and a jelly.

Vanquished Creatures
  A dart slug (D)
  A ball python (D)
  2 endoplasms (D)
  A goblin (D)
5 creatures vanquished.

Notes
Turn   | Place    | Note
-------+----------+-------------------------------------------
     0 | D        | sircluck the Troll Berserker began the quest for the Orb.
     0 | D        | Reached XP level 1. HP: 22/22 MP: 0/0
     8 | D        | Reached ** piety under Trog
    12 | D        | Reached XP level 2. HP: 31/31 MP: 1/1
    16 | D        | Noticed an ice beast
    16 | D        | Noticed an ogre
    16 | D        | Noticed an ice beast
    21 | D        | Slain by an ice beast

Illustrated notes

Levels and vault maps discovered:
D:        linesprint [early_d, line_temple, items_1, d_10, items_2, lair_1,
          lair_end, items_3, orc_1, orc_end, items_4, d_15, swamp_1, shoals_1,
          snake_1, spider_1, d_20, vaults_1, items_5, swamp_end, shoals_end,
          snake_end, spider_end, vaults_end, d_27, items_6, zot_1, zot_end,
          crypt_end, forest_end, elf_end, slime_end, tomb_end, abyss_end,
          pan_hell_end]

Skill      XL: |  1 |
---------------+----+-----
Fighting       | 3 |  3.1
Dodging        | 3 |  3.0
Unarmed Combat | |  3.8

Action                     || total
---------------------------++-------
  Melee: Unarmed           ||    11
 Armour: Animal skin       ||     1
  Dodge: Dodged            ||     3

Table legend: (Time is in decaauts)
 A = Elapsed time spent in this place.
 B = Non-inter-level travel time spent in this place.
 C = Inter-level travel time spent in this place.
 D = Time resting spent in this place.
 E = Time spent auto-exploring this place.
 F = Levels seen in this place.
 G = Mean time per level.
                   A        B        C        D        E       F      G
               +--------+--------+--------+--------+--------+-----+--------+
         Total |     20 |     20 |      0 |      0 |      3 |   1 |   20.0 |
       Dungeon |     20 |     20 |      0 |      0 |      3 |   1 |   20.0 |
               +--------+--------+--------+--------+--------+-----+--------+

Top non-repeatable levels by time:
       D: 20 daAuts
